 Dungeon Crawl Stone Soup version 0.27.1-2-g3b301248ec (webtiles) character file.

Game seed: 549373218811053654

809 Crownlay the Cleaver (level 7, 0/57 HPs)
             Began as a Hill Orc Fighter on Oct 3, 2021.
             Slain by a hornet (6 damage)
             ... on level 5 of the Dungeon.
             The game lasted 00:05:12 (4680 turns).

Crownlay the Cleaver (Hill Orc Fighter)             Turns: 4680, Time: 00:05:13

Health: 0/57       AC: 11    Str: 21    XL:     7   Next: 92%
Magic:  7/7        EV:  9    Int:  8    God:
Gold:   134        SH:  0    Dex: 10    Spells: 6/6 levels left

rFire    + . .     SeeInvis .   d - +5 dire flail (vorpal)
rCold    + . .     Faith    .   (shield currently unavailable)
rNeg     + . .     Spirit   .   b - +0 scale mail
rPois    +         Reflect  .   i - +0 helmet
rElec    +         Harm     .   (no cloak)
rCorr    +         Rampage  .   (no gloves)
Will     .....                  o - +2 pair of boots
Stlth    ..........             (no amulet)
HPRegen  0.19/turn              r - ring of positive energy
MPRegen  0.10/turn              y - ring of resist corrosion

@: lethally poisoned (0 -> -16), resistant, slowed, very slow
A: no striking features
a: no special abilities


You were on level 5 of the Dungeon.
You visited 1 branch of the dungeon, and saw 5 of its levels.

You collected 134 gold pieces.

Inventory:

Hand Weapons
 a - a +0 war axe
 d - a +5 vorpal dire flail (weapon)
Missiles
 s - 3 boomerangs (quivered)
Armour
 b - a +0 scale mail (worn)
 c - a +0 kite shield
 i - a +0 helmet (worn)
 o - a +2 pair of boots (worn)
Jewellery
 r - a ring of positive energy (left hand)
 y - a ring of resist corrosion (right hand)
Scrolls
 f - a scroll of torment {unknown}
 h - a scroll of vulnerability {unknown}
 j - a scroll of magic mapping {unknown}
 k - a scroll of brand weapon {unknown}
 n - a scroll of enchant armour {unknown}
 t - a scroll of immolation {unknown}
 v - a scroll of teleportation {unknown}
 w - a scroll of amnesia {unknown}
Potions
 e - a potion of attraction {unknown}
 g - a potion of resistance
 l - 2 potions of cancellation {unknown}
 m - a potion of lignification {unknown}
 p - a potion of curing {unknown}
 q - a potion of haste {unknown}
 u - a potion of heal wounds {unknown}
 x - a potion of mutation {unknown}


   Skills:
 - Level 3.6 Fighting
 * Level 11.3 Axes
 - Level 3.2 Armour
 - Level 3.2 Shields


You had 6 spell levels left.
You didn't know any spells.
Your spell library contained the following spells:

 Spells                   Type           Power      Damage    Failure   Level
 Summon Small Mammal      Summ           0%         N/A       75%         1
 Call Canine Familiar     Summ           0%         N/A       98%         3
 Summon Guardian Golem    Hex/Summ       0%         N/A       98%         3
 Passage of Golubria      Tloc           N/A        N/A       100%        4
 Silence                  Hex/Air        0%         N/A       100%        5
 Lehudib's Crystal Spear  Conj/Erth      0%         10d2      100%        8


Dungeon Overview and Level Annotations

Branches:
Dungeon (5/15)
 Temple: D:4-7

Altars:
Ashenzari
Sif Muna


Message History

No target in view!
No target in view!
Found a robe.
A hornet, an ufetubus and a skeleton come into view.
Found 19 stones.
The hornet buzzes angrily.
There are monsters nearby!
The ufetubus hits you but does no damage. x4
You hit the ufetubus.
You kill the ufetubus!
You miss the hornet. The hornet closely misses you.
The hornet stings you but does no damage.
You hit the hornet.
The hornet is lightly wounded.
The hornet stings you!
You are poisoned.
You feel yourself slow down.
You completely miss the hornet.
The hornet is lightly wounded.
You feel very sick. The hornet stings you!
You suddenly lose the ability to move!
The hornet stings you.
You feel as though you will be slow longer.
You feel sick. The hornet stings you!
You are more poisoned.
You feel as though you will be slow longer.
The hornet stings you but does no damage.
You feel very sick. The hornet stings you!
* * * LOW HITPOINT WARNING * * *
You are more poisoned.
You feel as though you will be slow longer.
You can move again.
It was a potion of resistance.
You feel protected.
* * * LOW HITPOINT WARNING * * *
You feel extremely sick.
The hornet stings you but does no damage.
The hornet stings you.
You die...

##......[##
#.........#
#####..<......#
#######..............
........###..........
#######.# #.........#
#...# ##.......##
#.#.# .........#
#@#.# .........#
#y#.# #.........#
#Z..# #.........
#.### #.# ........#
........# ...5....#
...Z...##


You could see a hornet and a water moccasin skeleton.

Vanquished Creatures
  Sigmund (D:4)
  Edmund (D:3)
  A sky beast (D:4)
  An ogre (D:4)
  A water moccasin skeleton (D:4)
  A howler monkey (D:4)
  A bullfrog zombie (D:4)
  A centaur skeleton (D:3)
  An iguana (D:4)
  A scorpion zombie (D:5)
  A hound skeleton (D:4)
  4 adders
  An ufetubus (D:5)
  2 worms (D:2)
  8 orcs
  7 endoplasms
  3 giant cockroaches
  8 goblins
  10 hobgoblins
  4 jackals (D:4)
  8 kobolds
  4 quokkas
  6 ball pythons
  7 bats
  4 frilled lizards
  5 rats
92 creatures vanquished.

Notes
Turn   | Place    | Note
-------+----------+-------------------------------------------
     0 | D:1      | Crownlay the Hill Orc Fighter began the quest for the Orb.
     0 | D:1      | Reached XP level 1. HP: 19/19 MP: 1/1
    11 | D:1      | Noticed a swamp drake
    11 | D:1      | Noticed a water moccasin
    11 | D:1      | Noticed a swamp worm
    12 | D:1      | Noticed a hog
    12 | D:1      | Noticed a black bear
    72 | D:1      | Reached skill level 3 in Axes
   363 | D:1      | Reached XP level 2. HP: 19/26 MP: 2/2
   561 | D:1      | Reached skill level 4 in Axes
  1090 | D:1      | Reached XP level 3. HP: 30/31 MP: 3/3
  1722 | D:2      | Reached skill level 5 in Axes
  1999 | D:2      | Found a faded altar of an unknown god.
  2008 | D:2      | Reached XP level 4. HP: 36/39 MP: 4/4
  2313 | D:2      | Reached skill level 6 in Axes
  2562 | D:3      | Found a broken altar of Ashenzari.
  2968 | D:3      | Reached XP level 5. HP: 37/45 MP: 5/5
  3416 | D:4      | Noticed Edmund
  3434 | D:3      | HP: 1/45 [Edmund (2)]
  3487 | D:3      | HP: 2/45 [Edmund (7)]
  3489 | D:3      | Killed Edmund
  3490 | D:3      | Reached skill level 8 in Axes
  3490 | D:3      | Reached XP level 6. HP: 2/51 MP: 6/6
  3818 | D:4      | Noticed a sky beast
  3836 | D:4      | Killed a sky beast
  3837 | D:4      | Reached skill level 9 in Axes
  4120 | D:4      | Reached XP level 7. HP: 43/57 MP: 7/7
  4316 | D:4      | Noticed Sigmund
  4326 | D:4      | Killed Sigmund
  4327 | D:4      | Reached skill level 10 in Axes
  4397 | D:4      | Reached skill level 11 in Axes
  4546 | D:4      | Found a shimmering blue altar of Sif Muna.
  4647 | D:5      | Entered Level 5 of the Dungeon
  4666 | D:5      | Noticed a hornet
  4677 | D:5      | Paralysed by a hornet for 3 turns
  4680 | D:5      | Slain by a hornet

Illustrated notes

Levels and vault maps discovered:
D:1:      onia_arrival_zoo_common, layout_loops_corners
D:2:      layout_loops_cross, ebering_ecumenical_altar_sacrificial
D:3:      layout_loops_ring, ashenzari_conservatory_becter
D:4:      layout_cave_pools, led_sif_pool, chequers_serial_rivers_micro_c,
          corexii_corridor_pit, uniq_sigmund, uniq_edmund
D:5:      layout_rooms, lemuel_zombie_altar_yredelemnul, serial_shops,
          kennysheep_mini_moat

Skill      XL: |  1  2  3  4  5  6  7 |
---------------+----------------------+-----
Axes           | 3 4 5 6 8 9 11 | 11.3
Fighting       | |  3.6
Armour         | |  3.2
Shields        | |  3.2

Action                   |  1- 3 |  4- 6 |  7- 9 || total
-------------------------+-------+-------+-------++-------
Melee: War axe           |   120 |   138 |    18 ||   276
       Dire flail        |       |       |    27 ||    27
  Use: Potion            |       |     2 |     1 ||     3
Armor: Scale mail        |    72 |    84 |    23 ||   179
Dodge: Dodged            |    66 |    68 |    21 ||   155
